[Event "Titled Tuesday Blitz September 13 Late 2022"]
[White "Ibrahimli, Murad"]
[Black "Ekdyshman, Mikhail"]
[WhiteFideId "13410229"]
[BlackFideId "4149416"]
[WhiteElo "2109"]
[BlackElo "2146"]
[Result "1-0"]
[Round "03"]
[TimeControl "180+1"]
[Date "2022.09.13"]
[WhiteClock "0:00:10"]
[BlackClock "0:00:09"]

1. d4 Nf6 2. c4 c5 3. d5 b5 4. cxb5 a6 5. f3 axb5 6. e4 Qa5+ 7. Bd2 b4 8. Na3 d6 9. Nc4 Qc7 10. Bd3 Nbd7 11. Ne2 g6 12. O-O Bg7 13. Kh1 O-O 14. a3 bxa3 15. Rxa3 Ba6 16. Qa1 Bxc4 17. Bxc4 Nb6 18. Bb5 Rxa3 19. Qxa3 Ra8 20. Qb3 Nfd7 21. Bc6 Ra7 22. Nc3 c4 23. Qc2 Ra6 24. f4 Nc5 25. Be3 Nbd7 26. Nb5 Qb8 27. e5 Rxc6 28. dxc6 Qxb5 29. cxd7 Nxd7 30. exd6 exd6 31. Rd1 d5 32. h3 Nf6 33. Ra1 h6 34. f5 Kh7 35. Ra8 Ne4 36. fxg6+ Kxg6 37. Qd1 f5 38. g4 f4 39. Bd4 f3 40. Qxf3 Qd7 41. Qf5+ Qxf5 42. gxf5+ Kxf5 43. Bxg7 Nf2+ 44. Kg2 Nd3 45. Rd8 Kg6 46. Bd4 Kf7 47. Kh2 Ke6 48. Rh8 Kf5 49. Re8 Ne1 50. Rxe1 h5 51. Re5+ Kf4 52. Rxd5 Ke4 53. Rxh5 Kxd4 54. Rh4+ Kd3 55. Rxc4 Kxc4 56. Kg3 Kb3 57. h4 Kxb2 58. h5 Kc3 59. h6 Kd4 60. h7 1-0


[Site "https://www.chess.com"]

[Event "Titled Tuesday Blitz September 13 Late 2022"]
[White "Indjic, Aleksandar"]
[Black "Yedidia, Daniel"]
[WhiteFideId "911925"]
[BlackFideId "30905907"]
[WhiteElo "2592"]
[BlackElo "2551"]
[Result "1/2-1/2"]
[Round "03"]
[TimeControl "180+1"]
[Date "2022.09.13"]
[WhiteClock "0:00:21"]
[BlackClock "0:00:16"]

1. c4 Nf6 2. Nc3 e5 3. e3 Nc6 4. Qb3 Bb4 5. Nge2 O-O 6. a3 Be7 7. d3 b6 8. Nd5 Bb7 9. Nec3 Re8 10. Qc2 Bf8 11. Nxf6+ Qxf6 12. Nd5 Qd8 13. g3 Ne7 14. Bg2 Nxd5 15. cxd5 Rc8 16. O-O c6 17. Qb3 cxd5 18. Bd2 e4 19. Rfc1 Qg5 20. d4 Bc6 21. Bb4 h5 22. Bxf8 Kxf8 23. h4 Qf6 24. Qd1 g6 25. Bh3 Kg7 26. Rc3 Bb5 27. Rac1 Rc6 28. a4 Bd3 29. Bxd7 Rxc3 30. Rxc3 Re7 31. Bh3 Qd6 32. Bf1 Bxf1 33. Kxf1 Rc7 34. Qc2 Rxc3 35. Qxc3 Qd7 36. b3 Qg4 37. Ke1 Qh3 38. Qc7 Qh1+ 39. Kd2 Qf1 40. Qe5+ Kh7 41. Qxd5 Qxf2+ 42. Kd1 Qf1+ 43. Kc2 Qd3+ 44. Kb2 Qd2+ 45. Ka3 Qc1+ 46. Kb4 a5+ 47. Kb5 Qxe3 48. Qxf7+ Kh6 49. Qg8 Qxd4 50. Qf8+ Kh7 51. Qe7+ Kg8 52. Qe8+ Kg7 53. Qe7+ Kg8 54. Qe8+ Kh7 55. Qe7+ Kg8 1/2-1/2


[Site "https://www.chess.com"]

[Event "Titled Tuesday Blitz September 13 Late 2022"]
[White "Janaszak, Dawid"]
[Black "Melkumyan, Hrant"]
[WhiteFideId "1119206"]
[BlackFideId "13302485"]
[WhiteElo "2165"]
[BlackElo "2604"]
[Result "1/2-1/2"]
[Round "03"]
[TimeControl "180+1"]
[Date "2022.09.13"]
[WhiteClock "0:00:15"]
[BlackClock "0:00:01"]

1. e4 c5 2. Nc3 g6 3. Bc4 Bg7 4. h4 Nc6 5. h5 d6 6. d3 Nf6 7. h6 Bf8 8. Bg5 e6 9. Nge2 Be7 10. f4 a6 11. a4 Bd7 12. Qd2 Ng4 13. Bxe7 Qxe7 14. d4 cxd4 15. Nxd4 Rc8 16. O-O-O Nxd4 17. Qxd4 e5 18. fxe5 dxe5 19. Qxd7+ Qxd7 20. Rxd7 Kxd7 21. Bxf7 Nf6 22. Nd5 Nxd5 23. Bxd5 b6 24. Bb7 Rc4 25. b3 Rc3 26. Bxa6 Rf8 27. Rd1+ Ke7 28. Kb2 Rc7 29. Rd5 Rf2 30. Bc4 Rc5 31. Rxc5 bxc5 32. a5 Kd6 33. Bg8 Rxg2 34. Bxh7 g5 35. Bf5 Rh2 36. h7 Kc6 37. Kc3 Kb5 38. a6 Kxa6 39. Kc4 Kb6 40. Kd5 g4 41. Bxg4 Rxh7 42. Kxe5 Rh2 43. c3 Rg2 44. Be6 Rg5+ 45. Kf4 Rg6 46. Kf5 Rh6 47. b4 Rh5+ 48. Kf4 Rh6 49. Kf5 Rh3 50. bxc5+ Kxc5 51. c4 Kd4 52. Bd5 Rh5+ 53. Kf4 Rh8 54. Kf5 Rf8+ 55. Ke6 Rb8 56. Kd6 Rb6+ 57. Kc7 Kc5 58. Kd7 Ra6 59. Ke7 Ra7+ 60. Ke6 Ra6+ 61. Ke5 Rh6 62. Kf5 Kd4 63. Kg5 Rh8 64. Kf5 Re8 65. Kf6 Rb8 66. e5 Rf8+ 67. Ke7 Rh8 68. e6 Ke5 69. Kd7 Rh7+ 70. Kc6 Ra7 71. Kb6 Rh7 72. Kc6 Re7 73. Kb6 Rg7 74. Kc6 Rh7 75. Kc5 Rc7+ 76. Kb6 Kd6 77. Kb5 Rc8 78. Kb4 Rb8+ 79. Kc3 Kc5 80. Kd3 Rh8 81. Ke4 Kd6 82. Kf5 Rh2 83. Kf6 Rf2+ 84. Kg5 Ke7 85. Kg4 Kf6 86. Kg3 Rf5 87. Kg4 Rf1 88. Kg3 Kg5 89. Kg2 Re1 90. Kf2 Re5 91. Kf3 Kf5 92. Kg3 Re3+ 93. Kf2 Kf4 94. Kg2 Re2+ 95. Kf1 Re5 96. Kf2 Rh5 97. Ke2 Rh3 98. Kd2 Re3 99. Kc2 Ke5 100. Kd2 Kd4 101. Kc2 Re2+ 102. Kb3 Re1 103. Kc2 Re2+ 104. Kb3 Re3+ 105. Kb4 Rh3 106. Kb5 Rh8 107. Kc6 Ke5 108. Kd7 Kf6 109. c5 Rh7+ 110. Kd6 Rh8 111. c6 Rd8+ 112. Kc5 Ke5 113. Bc4 Rc8 114. Kb6 Kd6 115. Bb5 Rb8+ 116. Ka5 Kc5 117. c7 Rc8 118. Bd7 Rxc7 119. Ka6 Kd6 120. Kb6 Rc1 121. Kb5 Rb1+ 122. Kc4 Rc1+ 123. Kd4 Rc7 124. Ke4 Ra7 125. Kd4 Rb7 126. Kc4 Rb8 127. Kd4 Rb4+ 128. Kc3 Re4 129. Kd3 Re1 130. Kd2 Re5 131. Kd3 Kc5 132. Kd2 Kc4 133. Kc2 Re2+ 134. Kd1 Re3 135. Kd2 Kd4 136. Kc2 Re2+ 137. Kb3 Re1 138. Kc2 Kc4 139. Kd2 Re5 140. Kc2 Re2+ 141. Kd1 Re4 142. Kd2 Kd4 143. Kc2 Re3 144. Kb2 Re2+ 145. Kb3 Kd5 146. Kb4 Re3 147. Ka4 Kc4 148. Ka5 Kc5 149. Ka4 Kc4 150. Ka5 Kc5 151. Ka6 Re2 152. Kb7 Kd6 153. Kb6 Rb2+ 154. Ka5 Rb8 155. Ka6 Kc7 156. Ka5 Ra8+ 157. Kb4 Rh8 158. Kc4 Kd6 159. Kd4 Rh4+ 160. Ke3 Rh5 161. Kf4 Re5 162. Kg4 Kd5 163. Kf4 Kd4 164. Kf3 Re1 165. Kf4 Rf1+ 166. Kg5 Re1 167. Kf6 Kd5 168. Ke7 Re2 1/2-1/2


[Site "https://www.chess.com"]

[Event "Titled Tuesday Blitz September 13 Late 2022"]
[White "Kamsky, Gata"]
[Black "Bazeev, German"]
[WhiteFideId "2000024"]
[BlackFideId "24119350"]
[WhiteElo "2666"]
[BlackElo "2493"]
[Result "1/2-1/2"]
[Round "03"]
[TimeControl "180+1"]
[Date "2022.09.13"]
[WhiteClock "0:00:04"]
[BlackClock "0:00:06"]

1. e4 c5 2. Nc3 Nc6 3. Bc4 g6 4. d3 Bg7 5. Bg5 d6 6. a3 h6 7. Bh4 Nf6 8. f4 Qb6 9. Nge2 Bg4 10. Rb1 Nd4 11. Qd2 Bxe2 12. Nxe2 Nxe2 13. Qxe2 e6 14. O-O O-O 15. Kh1 Rae8 16. Qf3 Qc6 17. b4 b5 18. e5 Nd5 19. Bxd5 exd5 20. bxc5 dxe5 21. fxe5 Qxc5 22. Bf6 Bxf6 23. exf6 a6 24. Rb4 d4 25. Qf4 Kh7 26. Rxd4 Qxc2 27. h4 Qe2 28. Rd7 Qe5 29. Qxe5 Rxe5 30. Rf3 g5 31. hxg5 hxg5 32. d4 Re1+ 33. Kh2 Kg6 34. Kg3 Re6 35. d5 Rxf6 36. Rxf6+ Kxf6 37. Kg4 Kg6 38. Rd6+ f6 39. Rxa6 Rd8 40. d6 f5+ 41. Kf3 Kf6 42. g4 fxg4+ 43. Kxg4 Ke6 44. Rb6 Rxd6 45. Rxb5 Ra6 46. Kxg5 Rxa3 1/2-1/2


[Site "https://www.chess.com"]

[Event "Titled Tuesday Blitz September 13 Late 2022"]
[White "Keymer, Vincent"]
[Black "Wan, Joseph"]
[WhiteFideId "12940690"]
[BlackFideId "2069890"]
[WhiteElo "2585"]
[BlackElo "2198"]
[Result "1-0"]
[Round "03"]
[TimeControl "180+1"]
[Date "2022.09.13"]
[WhiteClock "0:00:10"]
[BlackClock "0:00:09"]

1. Nf3 d5 2. e3 c5 3. b3 Nc6 4. Bb2 f6 5. d4 cxd4 6. exd4 g6 7. c4 e6 8. Nc3 Nge7 9. Bd3 Bg7 10. O-O O-O 11. Re1 Bd7 12. h4 Rc8 13. Qe2 Re8 14. Rad1 a6 15. a3 Qc7 16. Qc2 Na5 17. c5 Nac6 18. h5 f5 19. b4 Qf4 20. Ne2 Qg4 21. hxg6 Nxg6 22. Nh2 Qh4 23. Bc1 Bf6 24. Qd2 Kh8 25. Nf3 Qg4 26. Qh6 Rg8 27. Nh2 Qh4 28. Qxh4 Nxh4 29. g3 Be8 30. Kf1 Ng6 31. Nf3 Bf7 32. Bg5 Bg7 33. Nf4 Nxf4 34. Bxf4 h6 35. Bc2 Kh7 36. Ba4 Bh5 37. Bxc6 bxc6 38. Kg2 Rce8 39. Rd3 Bf6 40. Ne5 Bxe5 41. Rxe5 Bf7 42. Rb3 Kg7 43. Re1 Re7 44. a4 Rb7 45. Reb1 Be8 46. Rh1 h5 47. f3 Kg6 48. Kf2 Rh8 49. Re1 Bd7 50. Be5 Rh7 51. Rh1 Bc8 52. Rc1 Bd7 53. b5 axb5 54. axb5 Rxb5 55. Rxb5 cxb5 56. c6 Bc8 57. Ra1 f4 58. Ra8 fxg3+ 59. Kxg3 h4+ 60. Kh2 Bb7 61. Rg8+ Kh5 62. c7 b4 63. Rb8 Ba6 64. Rxb4 Kg5 65. Rb8 h3 66. c8=Q Bxc8 67. Rxc8 Kf5 68. Rf8+ Kg6 69. Rf4 Kg5 70. Rf6 Re7 71. Kxh3 Rh7+ 72. Kg3 Re7 73. Rf4 Kg6 74. Rg4+ Kf5 75. Rg7 Re8 76. Rf7+ Kg6 77. Rf6+ Kg5 78. f4+ Kh5 79. f5 exf5 80. Kf4 Rh8 81. Rxf5+ Kh4 82. Bxh8 Kh3 83. Rxd5 Kg2 84. Re5 Kf1 85. d5 Kf2 86. d6 Kg2 87. d7 Kf1 88. d8=Q Kf2 89. Qd2+ Kg1 90. Re1# 1-0


[Site "https://www.chess.com"]

[Event "Titled Tuesday Blitz September 13 Late 2022"]
[White "Kobo, Ori"]
[Black "Martins, Bruno Andre Leite"]
[WhiteFideId "2812320"]
[BlackFideId "1942255"]
[WhiteElo "2420"]
[BlackElo "2282"]
[Result "1-0"]
[Round "03"]
[TimeControl "180+1"]
[Date "2022.09.13"]
[WhiteClock "0:00:10"]
[BlackClock "0:00:01"]

1. Nf3 Nf6 2. c4 g6 3. g3 Bg7 4. Bg2 O-O 5. d4 d6 6. Nc3 c6 7. O-O Nbd7 8. e4 e5 9. Be3 exd4 10. Nxd4 Re8 11. Re1 Qa5 12. f3 Ne5 13. Bf1 Qc7 14. Rc1 h5 15. b3 a5 16. Bg2 Ned7 17. Qd2 Nc5 18. Rcd1 Bd7 19. Nde2 Bf8 20. Bg5 Nh7 21. Bf4 Qb6 22. Kh1 Rad8 23. Be3 Bc8 24. Nf4 Qc7 25. Nd3 Nd7 26. Qf2 Bg7 27. Bd4 Bxd4 28. Qxd4 Ne5 29. Nf2 Nf8 30. Qd2 Qb6 31. h3 Qb4 32. f4 Ned7 33. Nd3 Qb6 34. Kh2 Nc5 35. Nf2 Qb4 36. Re3 Qb6 37. Qe1 Qc7 38. Re2 h4 39. g4 d5 40. e5 dxc4 41. Nfe4 Nxe4 42. Nxe4 Nh7 43. Rxd8 Rxd8 44. Qxh4 cxb3 45. axb3 Be6 46. Qh6 Qe7 47. Bf3 Bd5 48. Rg2 Bxe4 49. Bxe4 Qf8 50. Qh4 Rd4 51. Re2 Qb4 52. Qe1 Qxe1 53. Rxe1 Rd2+ 54. Kg3 Nf8 55. f5 Rb2 56. Re3 Nd7 57. Kf4 1-0


[Site "https://www.chess.com"]

[Event "Titled Tuesday Blitz September 13 Late 2022"]
[White "Kollars, Dmitrij"]
[Black "Putnam, Liam"]
[WhiteFideId "12909572"]
[BlackFideId "30938279"]
[WhiteElo "2584"]
[BlackElo "2031"]
[Result "1-0"]
[Round "03"]
[TimeControl "180+1"]
[Date "2022.09.13"]
[WhiteClock "0:00:56"]
[BlackClock "0:00:01"]

1. e4 c5 2. c3 Nf6 3. e5 Nd5 4. Bc4 Nb6 5. Bb3 Nc6 6. d4 cxd4 7. cxd4 d6 8. e6 Bxe6 9. d5 Nxd5 10. Bxd5 Bxd5 11. Qxd5 e6 12. Qd3 Be7 13. Nf3 O-O 14. O-O d5 15. Nc3 Rc8 16. Be3 d4 17. Nxd4 e5 18. Nxc6 Qxd3 19. Nxe7+ Kh8 20. Nxc8 Rxc8 21. Bxa7 h5 22. Rfe1 Qc2 23. Re2 Qf5 24. Rd1 h4 25. h3 f6 26. a4 Qh5 27. f3 Kh7 28. Bf2 Rc4 29. Rd7 Qf5 30. Red2 Kh6 31. Rxb7 Qf4 32. Rbd7 g5 33. R7d6 Kg6 34. a5 Qf5 35. a6 Rb4 36. a7 Qc8 37. Rd8 Qc4 38. a8=Q 1-0


[Site "https://www.chess.com"]

[Event "Titled Tuesday Blitz September 13 Late 2022"]
[White "Korchmar, Vasiliy"]
[Black "Jobava, Baadur"]
[WhiteFideId "24131750"]
[BlackFideId "13601520"]
[WhiteElo "2370"]
[BlackElo "2582"]
[Result "0-1"]
[Round "03"]
[TimeControl "180+1"]
[Date "2022.09.13"]
[WhiteClock "0:00:01"]
[BlackClock "0:01:37"]

1. e4 e6 2. d4 d5 3. e5 c5 4. c3 Nc6 5. Nf3 Bd7 6. Be2 Rc8 7. O-O a6 8. Re1 Nh6 9. Bxh6 gxh6 10. Nbd2 Qb6 11. Nf1 cxd4 12. cxd4 Bb4 13. Qb3 Na5 14. Qe3 Bxe1 15. Rxe1 Qxb2 16. Qxh6 Qb4 17. Ne3 Qf8 18. Qf6 Rg8 19. Ng5 Qg7 20. f4 Qxf6 21. exf6 h6 22. Nf3 Rc3 23. Bf1 Nc6 24. f5 Kd8 25. Kf2 Ra3 26. Re2 exf5 27. Nxd5 Be6 28. Ne7 Re8 29. d5 Nxe7 30. fxe7+ Rxe7 31. dxe6 Rxe6 32. Rd2+ Kc7 33. Nd4 Rd6 34. Rc2+ Kb6 35. Nxf5 Rf6 36. g4 h5 37. h3 hxg4 38. hxg4 Rc6 39. Rb2+ Kc7 40. Bg2 Rb6 41. Rc2+ Kb8 42. Ne7 Rf6+ 43. Kg1 Rf4 44. Rc8+ Ka7 45. Rc7 Rb4 46. Nc6+ Kb6 47. Rxb7+ Kxb7 48. Nxb4+ Kb6 49. Bd5 Kc5 50. Nc2 Rg3+ 51. Kf2 Rxg4 52. Bb3 a5 53. Ne3 Rf4+ 54. Ke2 f6 55. Nd5 Rf5 56. Ne3 Re5 57. Kd3 Re8 58. Ng4 f5 59. Ne3 f4 60. Ng4 f3 61. Nf2 Kb4 62. Bd5 Rd8 63. Ke4 a4 64. Bc6 Rc8 65. Bd5 Rc3 66. Nd3+ Ka3 0-1


[Site "https://www.chess.com"]

[Event "Titled Tuesday Blitz September 13 Late 2022"]
[White "Kravtsiv, Martyn"]
[Black "Andreikin, Dmitry"]
[WhiteFideId "14113147"]
[BlackFideId "4158814"]
[WhiteElo "2694"]
[BlackElo "2736"]
[Result "0-1"]
[Round "03"]
[TimeControl "180+1"]
[Date "2022.09.13"]
[WhiteClock "0:00:02"]
[BlackClock "0:00:05"]

1. e4 e6 2. d4 d5 3. Nc3 Bb4 4. e5 c5 5. Bd2 a6 6. Qg4 Ne7 7. dxc5 Nbc6 8. Nf3 Nf5 9. Bd3 h5 10. Qf4 Bxc5 11. O-O-O Nce7 12. Qg5 Bxf2 13. Rhf1 Ba7 14. h3 h4 15. Nxh4 Rxh4 16. g4 Rxh3 17. gxf5 Rxd3 18. cxd3 Nxf5 19. Rxf5 exf5 20. Qxg7 Be6 21. Bg5 Qc8 22. Qf6 Bc5 23. Kb1 Kd7 24. Rc1 Qf8 25. Na4 Bd4 26. a3 Rc8 27. Rxc8 Kxc8 28. Nc3 Bxc3 29. bxc3 Kd7 30. Kb2 b6 31. Bh4 Kc6 32. a4 a5 33. d4 b5 34. axb5+ Kxb5 35. Qg5 Kc4 36. Qd2 Qb8+ 37. Kc1 f4 38. Qxf4 Kb5 0-1


[Site "https://www.chess.com"]

[Event "Titled Tuesday Blitz September 13 Late 2022"]
[White "Lenderman, Aleksandr"]
[Black "Djokic, Mihailo"]
[WhiteFideId "2021285"]
[BlackFideId "976440"]
[WhiteElo "2607"]
[BlackElo "2315"]
[Result "1/2-1/2"]
[Round "03"]
[TimeControl "180+1"]
[Date "2022.09.13"]
[WhiteClock "0:00:22"]
[BlackClock "0:00:15"]

1. e4 c5 2. c3 Nf6 3. e5 Nd5 4. d4 cxd4 5. Nf3 d6 6. cxd4 e6 7. Bc4 Nc6 8. O-O Be7 9. Qe2 O-O 10. Rd1 Na5 11. Bxd5 exd5 12. Nc3 Be6 13. Bf4 dxe5 14. dxe5 Nc6 15. Nd4 Qd7 16. Rd3 Nxd4 17. Rxd4 Bc5 18. Rd3 Rfd8 19. Rad1 Bg4 20. Qd2 Bxd1 21. Qxd1 d4 22. Ne4 Qf5 23. Qf3 Rac8 24. g4 Qg6 25. Bg5 Re8 26. Qf4 f6 27. Bh4 fxe5 28. Qf3 Rf8 29. Qe2 Rf4 30. f3 h5 31. h3 hxg4 32. hxg4 Rcf8 33. Kg2 Bb6 34. Bg3 R4f7 35. Bxe5 Rd8 36. f4 Re7 37. Qf3 Rf8 38. Qe2 Bc7 39. Bxc7 Rxe4 40. Qf3 Re3 41. Rxe3 dxe3 42. Be5 Qc6 43. Qxc6 bxc6 44. Kf3 Rd8 45. Kxe3 Kf7 46. Bc3 Rd5 47. Ke4 g6 48. a4 a6 49. b3 Ke6 50. Be5 Rc5 51. f5+ gxf5+ 52. gxf5+ Kf7 53. Bd4 Rc2 54. Kd3 Rg2 55. f6 Rg5 56. Kc4 Ke6 57. Bc3 Rf5 58. Bd4 Rd5 59. Bb2 Rf5 60. Bc3 Rd5 61. Bd4 Rf5 62. Bc3 Kd6 63. Bb4+ c5 64. Bc3 Kc6 65. Kd3 Rf4 66. Ke3 Rf5 67. Ke4 Rf1 68. Ke5 Rf3 69. Bd2 Rxb3 70. f7 Rb8 71. Bh6 c4 72. f8=Q Rxf8 73. Bxf8 c3 74. Bh6 Kc5 75. Bc1 Kc4 76. Ke4 a5 77. Ke3 Kb3 78. Kd3 Kxa4 79. Kxc3 Kb5 80. Kb2 a4 81. Ka1 Kc4 82. Ka2 Kb4 83. Bd2+ Kc4 84. Be1 Kb5 85. Bf2 Kc4 86. Bg3 Kb5 87. Bh4 Kc4 88. Bg5 Kb5 89. Bh6 Kc4 90. Bg7 Kb5 91. Bh8 Kc4 92. Ka3 Kb5 93. Bc3 Kc4 94. Kxa4 1/2-1/2


[Site "https://www.chess.com"]

[Event "Titled Tuesday Blitz September 13 Late 2022"]
[White "Makarian, Rudik"]
[Black "Kovacevic, Radmila"]
[WhiteFideId "44105681"]
[BlackFideId "933171"]
[WhiteElo "2410"]
[BlackElo "2208"]
[Result "1-0"]
[Round "03"]
[TimeControl "180+1"]
[Date "2022.09.13"]
[WhiteClock "0:01:25"]
[BlackClock "0:00:06"]

1. b3 e5 2. Bb2 Nc6 3. e3 Nf6 4. Bb5 Bd6 5. Bxc6 dxc6 6. d3 Bg4 7. Ne2 Qe7 8. e4 Bb4+ 9. Nd2 O-O-O 10. f3 Be6 11. O-O Bc5+ 12. Kh1 g5 13. Bxe5 g4 14. Ng3 h5 15. Bxf6 Qxf6 16. fxg4 Qh4 17. gxh5 Rdg8 18. Nf3 Qg4 19. Ne5 Qg7 20. d4 Bd6 21. Qf3 Rh6 22. Nxf7 Qxd4 23. Nxh6 Rh8 24. Nhf5 Bxf5 25. Nxf5 Qe5 26. Nxd6+ cxd6 27. Qf5+ Kc7 28. Qxe5 dxe5 29. g4 1-0


[Site "https://www.chess.com"]

[Event "Titled Tuesday Blitz September 13 Late 2022"]
[White "Maksimovic, Bojan"]
[Black "Naroditsky, Daniel"]
[WhiteFideId "14408120"]
[BlackFideId "2026961"]
[WhiteElo "2447"]
[BlackElo "2628"]
[Result "1/2-1/2"]
[Round "03"]
[TimeControl "180+1"]
[Date "2022.09.13"]
[WhiteClock "0:01:23"]
[BlackClock "0:02:10"]

1. e4 e5 2. Nf3 Nc6 3. Bb5 a6 4. Ba4 d6 5. O-O Bd7 6. c4 g6 7. Nc3 Bg7 8. Bxc6 bxc6 9. d4 exd4 10. Nxd4 Ne7 11. Qd2 O-O 12. b3 c5 13. Nde2 f5 14. Bb2 Bc6 15. Nd5 fxe4 16. Bxg7 Kxg7 17. Qc3+ Kh6 18. Qh3+ Kg7 19. Qc3+ Kh6 20. Qh3+ Kg7 21. Qc3+ 1/2-1/2


[Site "https://www.chess.com"]

[Event "Titled Tuesday Blitz September 13 Late 2022"]
[White "Martinez Alcantara, Jose Eduardo"]
[Black "Barria Santos, Jose Guilherme"]
[WhiteFideId "3805662"]
[BlackFideId "1939300"]
[WhiteElo "2703"]
[BlackElo "2263"]
[Result "1-0"]
[Round "03"]
[TimeControl "180+1"]
[Date "2022.09.13"]
[WhiteClock "0:01:03"]
[BlackClock "0:00:05"]

1. e4 e5 2. Nf3 Nc6 3. Bb5 a6 4. Ba4 Nf6 5. O-O Be7 6. d3 b5 7. Bb3 d6 8. c3 O-O 9. a4 Bb7 10. Re1 Na5 11. Ba2 c5 12. Bg5 Qc7 13. Nbd2 Nc6 14. Bxf6 Bxf6 15. Nf1 g6 16. Ne3 Ne7 17. Qd2 Bg7 18. h4 h6 19. Qe2 Rad8 20. h5 Kh7 21. Nh2 g5 22. axb5 axb5 23. g4 Kh8 24. Nhf1 c4 25. Ng3 d5 26. exd5 Nxd5 27. Nxd5 Bxd5 28. dxc4 bxc4 29. Rad1 Be6 30. Bb1 Rxd1 31. Rxd1 Rd8 32. Rxd8+ Qxd8 33. Bf5 Bd5 34. Qd1 Qa8 35. Bb1 Qb7 36. Qe2 Qc6 37. Be4 Bf8 38. Qf3 Bxe4 39. Nxe4 Kg7 40. Nxg5 Qxf3 41. Nxf3 Kf6 42. Kg2 Ke6 43. Nd2 Kd5 44. Kf3 Be7 45. Ne4 Bd8 46. Ng3 Bg5 47. Ke2 Bc1 48. Nf5 Bxb2 49. Kd2 Ba3 50. Nxh6 Ke6 51. Nf5 Kf6 52. f3 Bc5 53. Ng3 Bg1 54. Ke2 Bh2 55. Ne4+ Ke6 56. h6 1-0


[Site "https://www.chess.com"]

[Event "Titled Tuesday Blitz September 13 Late 2022"]
[White "Mihajlov, Sebastian"]
[Black "Pranav, V"]
[WhiteFideId "1512110"]
[BlackFideId "25060783"]
[WhiteElo "2464"]
[BlackElo "2390"]
[Result "0-1"]
[Round "03"]
[TimeControl "180+1"]
[Date "2022.09.13"]
[WhiteClock "0:00:10"]
[BlackClock "0:00:56"]

1. e4 b6 2. d4 Bb7 3. Nc3 e6 4. Bd3 Bb4 5. Ne2 Nf6 6. a3 Bxc3+ 7. Nxc3 d5 8. e5 Nfd7 9. Qg4 g6 10. Bg5 Qc8 11. Ne2 c5 12. c3 Ba6 13. Bb1 cxd4 14. cxd4 Qc4 15. b3 Qxb3 16. O-O Nc6 17. Rc1 h5 18. Qf4 Bxe2 19. Ba2 Qa4 20. Qe3 Bc4 21. Bxc4 dxc4 22. d5 Ncxe5 23. dxe6 fxe6 24. f4 Qb3 25. Qe4 O-O 26. fxe5 Qd3 27. Qc6 Nc5 28. Be7 Rac8 29. Qb5 Qe3+ 30. Kh1 Nd3 31. h3 Nxc1 32. Bxf8 Rxf8 33. Qxc4 Nd3 34. Qxe6+ Kg7 0-1


[Site "https://www.chess.com"]

[Event "Titled Tuesday Blitz September 13 Late 2022"]
[White "Mikhailov, Viacheslav"]
[Black "Sadhwani, Raunak"]
[WhiteFideId "4187369"]
[BlackFideId "35093487"]
[WhiteElo "2381"]
[BlackElo "2656"]
[Result "0-1"]
[Round "03"]
[TimeControl "180+1"]
[Date "2022.09.13"]
[WhiteClock "0:00:01"]
[BlackClock "0:00:09"]

1. Nf3 a6 2. g3 b5 3. Bg2 Bb7 4. O-O c5 5. d3 d6 6. c4 Nf6 7. Bg5 Nbd7 8. Nc3 b4 9. Nb1 e6 10. Nbd2 Be7 11. a3 a5 12. axb4 cxb4 13. Nb3 O-O 14. e4 h6 15. Be3 Nc5 16. e5 Nfd7 17. exd6 Bxd6 18. d4 Nxb3 19. Qxb3 Qc7 20. Rfc1 Be7 21. Bf4 Qc8 22. Ne5 Bxg2 23. Kxg2 Nb6 24. Qf3 Bf6 25. Nc6 Qd7 26. Be3 Rfc8 27. Nxa5 Bxd4 28. Bxd4 Qxd4 29. c5 Nd5 30. Nc6 Qxb2 31. Rab1 Qa3 32. Nd4 Qxf3+ 33. Kxf3 Nc3 34. Rxb4 Rxc5 35. Kg2 Rac8 36. Nb3 R5c7 37. Rd4 g5 0-1


[Site "https://www.chess.com"]

[Event "Titled Tuesday Blitz September 13 Late 2022"]
[White "Ozen, Bahadir"]
[Black "Karas, Marek"]
[WhiteFideId "6337058"]
[BlackFideId "14928558"]
[WhiteElo "2503"]
[BlackElo "2272"]
[Result "1/2-1/2"]
[Round "03"]
[TimeControl "180+1"]
[Date "2022.09.13"]
[WhiteClock "0:00:17"]
[BlackClock "0:00:12"]

1. Nf3 Nf6 2. e3 d5 3. c4 c6 4. Nc3 e6 5. b3 Nbd7 6. Bb2 Bd6 7. Rc1 Qe7 8. Qc2 O-O 9. Be2 a6 10. d4 e5 11. dxe5 Nxe5 12. cxd5 cxd5 13. O-O Bg4 14. Nd4 Bxe2 15. Ncxe2 Neg4 16. h3 Nh6 17. Nf5 Nxf5 18. Qxf5 Qe6 19. Nd4 Qe4 20. Qxe4 dxe4 21. Nf5 Rfd8 22. Bxf6 gxf6 23. Rfd1 Be5 24. Kf1 h5 25. Ke2 Kh7 26. g4 hxg4 27. hxg4 Kg6 28. Rh1 Rh8 29. Rcd1 Rxh1 30. Rxh1 Kg5 31. Rh7 Kxg4 32. Ne7 Rf8 33. Rg7+ Kh5 34. Nf5 Rc8 35. a4 Rc2+ 36. Kf1 b5 37. axb5 axb5 38. Ne7 Rb2 39. Rxf7 Rxb3 40. Nc6 Kg4 41. Nxe5+ fxe5 42. Kg2 b4 43. Rf8 Rb1 44. Re8 Kf5 45. Rf8+ Ke6 46. Re8+ Kd5 47. Rd8+ Ke6 48. Re8+ Kf5 49. Rf8+ Ke6 50. Re8+ 1/2-1/2


[Site "https://www.chess.com"]

[Event "Titled Tuesday Blitz September 13 Late 2022"]
[White "Pap, Gyula"]
[Black "Petrovic, Aleksa"]
[WhiteFideId "725323"]
[BlackFideId "967629"]
[WhiteElo "2519"]
[BlackElo "2262"]
[Result "1-0"]
[Round "03"]
[TimeControl "180+1"]
[Date "2022.09.13"]
[WhiteClock "0:01:08"]
[BlackClock "0:00:22"]

1. d4 Nf6 2. c4 e6 3. Nc3 Bb4 4. Qb3 c5 5. dxc5 Nc6 6. Nf3 Ne4 7. Bd2 Nxd2 8. Nxd2 O-O 9. g3 Bxc5 10. Bg2 b6 11. O-O Bb7 12. Rac1 f5 13. e3 g5 14. Qd1 Qe8 15. a3 h5 16. b4 Be7 17. Nb3 g4 18. Nb5 h4 19. Nc7 Qh5 20. Nxa8 hxg3 21. hxg3 Bxa8 22. Qxd7 Rf6 23. Qc8+ Rf8 24. Qxe6+ Kg7 25. Bxc6 Rh8 26. Qxe7+ Kg6 27. Be8+ 1-0


[Site "https://www.chess.com"]

[Event "Titled Tuesday Blitz September 13 Late 2022"]
[White "Paravyan, David"]
[Black "Shpanko, Nadiia"]
[WhiteFideId "4194985"]
[BlackFideId "14132400"]
[WhiteElo "2555"]
[BlackElo "2139"]
[Result "1/2-1/2"]
[Round "03"]
[TimeControl "180+1"]
[Date "2022.09.13"]
[WhiteClock "0:00:04"]
[BlackClock "0:00:19"]

1. e4 g6 2. d4 Nf6 3. e5 Nh5 4. Be2 d6 5. Nf3 dxe5 6. Nxe5 Nf6 7. O-O Bg7 8. Re1 O-O 9. c3 Nbd7 10. Nxd7 Bxd7 11. Nd2 c6 12. Nc4 Nd5 13. Bf1 Qc7 14. Qf3 Bf5 15. h3 Rad8 16. Bd2 b5 17. Ne3 Nxe3 18. Bxe3 e5 19. dxe5 Bxe5 20. Bg5 Rd7 21. Rad1 Bg7 22. a3 a5 23. h4 Qb7 24. h5 b4 25. axb4 axb4 26. cxb4 Bxb2 27. h6 Qxb4 28. Qxc6 Rxd1 29. Rxd1 Qg4 30. Rd2 Qxg5 31. Rxb2 Qxh6 32. Qd6 Qg7 33. Rb8 h5 34. g3 Rxb8 35. Qxb8+ Qf8 36. Qe5 Be6 37. Bd3 Qg7 38. Qb8+ Kh7 39. Qb5 Qa1+ 40. Kh2 Qf6 41. Qxh5+ Kg7 42. Qc5 Bg4 43. Qe3 Bf3 44. Kg1 Qa1+ 45. Bf1 Bb7 46. Qd3 Bc8 47. Kh2 Qf6 48. Qe3 Be6 49. Bg2 Qf5 50. f4 Qh5+ 51. Kg1 Qd1+ 52. Kh2 Qh5+ 53. Kg1 Qd1+ 54. Bf1 Qg4 55. Kf2 Qf5 56. Qd4+ Qf6 57. Qb4 Bd5 58. Be2 Bc6 59. Qc5 Bd7 60. Qc7 Be6 61. Qa7 Qc3 62. Qb6 Kf6 63. Qd8+ Kg7 64. Qd6 Qf6 65. Ke3 Qf5 66. Qd4+ Qf6 67. Qb4 Qa1 68. Kf2 Qf6 69. Bf3 g5 70. fxg5 Qxg5 71. Qd4+ Qf6 72. Qb4 Qg6 73. Qf4 Qf6 74. Qb4 Qg6 75. Qd4+ Qf6 76. Qe4 Qg6 77. Qe5+ Qf6 78. Qe4 Qg6 79. Qd4+ Qf6 1/2-1/2


[Site "https://www.chess.com"]

[Event "Titled Tuesday Blitz September 13 Late 2022"]
[White "Perez Ponsa, Federico"]
[Black "Arnold, Ken"]
[WhiteFideId "117927"]
[BlackFideId "2056836"]
[WhiteElo "2604"]
[BlackElo "2443"]
[Result "1-0"]
[Round "03"]
[TimeControl "180+1"]
[Date "2022.09.13"]
[WhiteClock "0:01:07"]
[BlackClock "0:00:13"]

1. e4 c6 2. Nf3 d5 3. Nc3 Bg4 4. h3 Bxf3 5. Qxf3 e6 6. Be2 Nf6 7. O-O Nbd7 8. d4 dxe4 9. Nxe4 Nxe4 10. Qxe4 Nf6 11. Qd3 Bd6 12. Bf3 h6 13. c4 Qc7 14. g3 Bxg3 15. Bxc6+ bxc6 16. fxg3 O-O-O 17. Bf4 Qb6 18. c5 Qb4 19. Be5 Rd5 20. Qb3 a5 21. Qxb4 axb4 22. a3 b3 23. Rf3 Nd7 24. Bd6 f6 25. Rxb3 e5 26. a4 exd4 27. a5 Re8 28. a6 Nxc5 29. Rb8+ Kd7 30. a7 Re3 31. a8=Q Rxd6 32. Rd8+ Ke6 33. Rxd6+ Kxd6 34. Qd8+ Ke5 35. Qe7+ Kd5 36. Qxg7 Ne4 37. Qd7+ Ke5 38. Rf1 Rxg3+ 39. Kh2 Rg5 40. h4 1-0


[Site "https://www.chess.com"]